cohdb
Replays
Latest Replays
All Replays
Popular Replays
Top Player Replays
Match Explorer
How It Works
Community
CoH3 Stats
Reddit
Sign in to upload your games and track your stats! →
Sign in with Steam
Match 44790998
Unlisted
Match 44790998
Overview
Messages
Build Orders
End
Construct Barracks
Selects Advanced Infantry Battlegroup
Riflemen Squad
Riflemen Squad
Riflemen Squad
Construct Weapon Support Center
Selects Convert to Ranger Squad
Convert to Ranger Squad
Improved M9 Bazooka Rockets
Selects Designate Assault Position
Convert to Ranger Squad
Ranger Squad
Construct Medical Station
Infantry Support Center
Survival Training
Munitions Surplus
Scout Squad
M1918 Browning Automatic Rifles
Selects Ranger Weapon Training
Ranger Squad
Selects Artillery Observers
Designate Assault Position
Advanced Logistics
Selects M2A1 105mm Howitzer Emplacement
Selects Free Fire Drills
Construct Tank Depot
M4(105) Sherman Bulldozer
Engineer Squad
Designate Assault Position
Ranger Squad
Kaspan
Serial Chiller
Winston Churchill the Donnie
Afflikti0n
C4PT4IN_B0B
Enrich
Nord
Cuttlefish
0
0
Comments
sign in to comment!
No comments posted yet!